 Dungeon Crawl Stone Soup version 0.27-a0-46-g34d46f0a3f (webtiles) character file.

Game seed: 17966469325342644732

66557 Inarius the Gelid (level 15, -5/112 HPs)
             Began as a Barachi Ice Elementalist on Jan 6, 2021.
             Was a High Priest of Vehumet.
             Slain by a two-headed ogre
             ... wielding a +0 giant club
              (22 damage)
             ... on level 1 of the Orcish Mines.
             The game lasted 01:09:01 (25234 turns).

Inarius the Gelid (Barachi Ice Elementalist)       Turns: 25234, Time: 01:09:01

Health: -5/112     AC: 12    Str: 15    XL:     15   Next: 20%
Magic:  30/30      EV: 14    Int: 21    God:    Vehumet [*****.]
Gold:   2035       SH: 11    Dex: 14    Spells: 12/37 levels left

rFire    . . .     SeeInvis +   Y - staff of cold
rCold    + + .     Faith    .   x - +0 kite shield
rNeg     . . .     Spirit   .   b - +0 troll leather armour
rPois    +         Reflect  .   L - +1 helmet
rElec    .         Harm     .   (no cloak)
rCorr    .         Rampage  .   y - +1 pair of gloves of Cec Qy Zio {rPois rC+ SInv}
Will     ++...                  l - +1 pair of boots
Stlth    ++........             X - amulet of the acrobat
HPRegen  0.68/turn              M - +6 ring of strength
MPRegen  0.22/turn              U - ring of willpower

@: silenced, slow
A: +LOS, swims, slowness 1, strong legs 2
a: Hop, Renounce Religion


You were on level 1 of the Orcish Mines.
You worshipped Vehumet.
Vehumet was extremely pleased with you.
You visited 4 branches of the dungeon, and saw 19 of its levels.
You also visited: Ice Cave.

You collected 2379 gold pieces.
You spent 344 gold pieces at shops.

Inventory:

Hand Weapons
 g - a +2 short sword of venom
Armour
 b - a +0 troll leather armour (worn)
 l - a +1 pair of boots (worn)
 s - +0 swamp dragon scales
 v - a +0 tower shield
 x - a +0 kite shield (worn)
 y - the +1 pair of gloves of Cec Qy Zio (worn) {rPois rC+ SInv}
   (You found it on level 5 of the Dungeon)

   It protects you from cold.
   It protects you from poison.
   It lets you see invisible.
 B - a +0 buckler
 L - a +1 helmet (worn)
 R - +0 fire dragon scales
Magical Staves
 N - an uncursed staff of death
 Y - an uncursed staff of cold (weapon)
Jewellery
 H - an uncursed ring of fire
 J - an uncursed ring of positive energy
 K - an uncursed ring of see invisible
 M - a +6 ring of strength (left hand)
 U - a ring of willpower (right hand)
 X - an amulet of the acrobat (around neck)
Wands
 a - a wand of iceblast (2)
 A - a wand of digging (14)
 G - a wand of flame (15)
 I - a wand of random effects (7)
 O - a wand of disintegration (3)
 Q - a wand of polymorph (8)
Scrolls
 c - 19 scrolls of remove curse
 h - 2 scrolls of magic mapping
 i - 3 scrolls of amnesia
 p - 4 scrolls of teleportation
 q - 2 scrolls of enchant armour
 t - 3 scrolls of enchant weapon
 w - a scroll of blinking
 z - 2 scrolls of immolation
 E - a scroll of fear
 F - 3 scrolls of fog
 V - a scroll of brand weapon
Potions
 d - 2 potions of lignification
 f - 4 potions of flight
 j - 2 potions of resistance {unknown}
 k - a potion of might
 m - a potion of heal wounds
 n - 11 potions of curing
 o - 4 potions of haste {unknown}
 r - 2 potions of cancellation
 u - 5 potions of berserk rage
 C - 2 potions of mutation
 D - 2 potions of invisibility
 P - 2 potions of magic
 S - 2 potions of attraction {unknown}
 T - 2 potions of brilliance {unknown}
 Z - 2 potions of ambrosia
Miscellaneous
 e - a condenser vane (inert)
 W - a lightning rod (inert)


   Skills:
 + Level 8.5 Fighting
 + Level 0.8 Staves
 + Level 6.6 Armour
 - Level 6.2 Dodging
 - Level 1.7 Stealth
 + Level 9.2 Shields
 + Level 11.8 Spellcasting
 * Level 12.1 Conjurations
 - Level 0.4 Summonings
 + Level 2.6 Fire Magic
 + Level 17.2 Ice Magic
 + Level 7.4 Evocations


You had 12 spell levels left.
You knew the following spells:

 Your Spells              Type           Power        Failure   Level
a - Spellforged Servitor  Conj/Summ      19%          88%         7
b - Frozen Ramparts       Ice            100%         1%          3
c - Hailstorm             Conj/Ice       84%          1%          4
d - Ozocubu's Armour      Ice            91%          1%          3
e - Summon Ice Beast      Ice/Summ       65%          3%          4
f - Sticky Flame          Conj/Fire      43%          1%          4

Your spell library contained the following spells:

 Spells                   Type           Power        Failure   Level
 Airstrike                Air            6%           32%         4
 Freeze                   Ice            100%         0%          1
 Magic Dart               Conj           100%         1%          1
 Conjure Flame            Conj/Fire      43%          1%          3
 Mephitic Cloud           Conj/Pois/Air  29%          2%          3
 Inner Flame              Hex/Fire       18%          7%          3
 Ignite Poison            Fire/Tmut/Pois 16%          8%          3
 Irradiate                Conj/Tmut      18%          9%          5
 Corona                   Hex            13%          14%         1
 Call Imp                 Summ           14%          17%         2
 Blink                    Tloc           N/A          21%         2
 Slow                     Hex            12%          21%         2
 Sublimation of Blood     Necr           6%           21%         2
 Portal Projectile        Hex/Tloc       24%          38%         3
 Conjure Ball Lightning   Conj/Air       18%          38%         6
 Summon Lightning Spire   Summ/Air       13%          77%         4
 Cause Fear               Hex            6%           80%         4
 Leda's Liquefaction      Hex/Erth       6%           80%         4
 Petrify                  Tmut/Erth      12%          80%         4
 Alistair's Intoxication  Tmut/Pois      8%           98%         5
 Silence                  Hex/Air        6%           98%         5
 Eringya's Noxious Bog    Tmut/Pois      6%           99%         6
 Tornado                  Air            6%           100%        9


Dungeon Overview and Level Annotations

Branches:
Dungeon (11/15)            Temple (1/1) D:4            Lair (6/6) D:11
 Shoals (0/4) Lair:3        Snake (0/4) Lair:2        Slime (0/5) Lair:6
    Orc (1/2) D:9           IceCv (visited)

Altars:
Ashenzari
Cheibriados
Dithmenos
Elyvilon
Fedhas
Gozag
Hepliaklqana
Kikubaaqudgha
Makhleb
Nemelex Xobeh
Okawaru
Qazlal
Ru
Sif Muna
Trog
Uskayaw
Vehumet
Wu Jian
Xom
Yredelemnul
Zin
The Shining One

Shops:
D:10 ?   Orc:1 [

Annotations:
D:3 1 runed translucent door, funkygono's ghost, amateur DrAE
Lair:4 1 runed translucent door, Quyjis's ghost, journeyman DDGl
Orc:1 1 transporter, 1 runed translucent door


Innate Abilities, Weirdness & Mutations

You can be seen from farther away. (+LOS)
You can swim through water.
You cover ground slowly.
You can hop long distances.


Message History

The two-headed ogre hits you with a +0 giant club!
The two-headed ogre hits you with a cursed -1 giant club!
Unknown command.
Unknown command.
Really walk into that cloud of freezing vapour?
Okay, then.
Unknown command.
Evoke which item? (* to show all) (? for menu, Esc to quit)
Aiming: Thunderbolt
Press: ? - help, Shift-Dir - straight line, f - two-headed ogre
Aim: a two-headed ogre, wielding a +0 giant club and a -1 giant club (freezing vapour, silenced, lightly wounded, berserk)
The thunderbolt hits the two-headed ogre!
The two-headed ogre is moderately wounded.
The lightning rod overheats!
The orc knight is engulfed in freezing vapours.
The orc knight hits you with a +0 long sword!!
* * * LOW HITPOINT WARNING * * *
The two-headed ogre is engulfed in freezing vapours.
The two-headed ogre hits you with a +0 giant club!!
You die...

#........##
##.......#
#.......# #.......#
###.©.### #y#####y#
###########
##..+§o§'..## ##
#...+@O§'...# ##.
#....#§§§#....# #..
#°#..#########..#☼#
### ###
###..#y##W##y# .###
#.## y#..####+# ##.
#y ...#
#e#...$$:_[$$... e#
#.#### #e#.
..$[)/$.. .# #
...#.## #e#.
⌠..((!..⌠ .#e
..#...# #e#
........... #e#


You could see an orc knight (berserk), a two-headed ogre (berserk) and a silent
spectre (silencing).

Vanquished Creatures
  Kirke (Lair:5)
  2 entropy weavers (Lair:6)
  A dire elephant (Lair:6)
  An ettin (Orc:1)
  Josephine (D:11)
  3 hydras
  A fire dragon (Lair:6)
  Fannar (Lair:3)
  A boulder beetle (Lair:6)
  3 two-headed ogres
  A queen ant (Lair:6)
  8 death yaks
  An unseen horror (D:11)
  3 lindwurms
  An orc knight (Orc:1)
  A swamp dragon (Lair:6)
  A wolf spider (Lair:6)
  2 ugly things
  An orc sorcerer (Orc:1)
  A manticore (Lair:6)
  13 elephants
  2 merfolk sirens (Lair:3)
  6 black mambas
  2 torpor snails
  Psyche (D:11)
  14 cane toads
  Maggie (Lair:2)
  7 rime drakes (Lair:6)
  10 komodo dragons
  2 merfolk (Lair:3)
  3 trolls
  Prince Ribbit (D:9)
  A hornet (D:10)
  2 polar bears (Lair:6)
  13 dream sheep
  A blink frog (Lair:6)
  7 wyverns
  38 yaks
  5 wraiths (D:11)
  4 hogs (Lair:5)
  2 steam dragons
  10 basilisks
  A warg (Orc:1)
  23 soldier ants (Lair:6)
  Duvessa (D:5)
  17 water moccasins
  5 orc warriors
  A swamp drake (Lair:6)
  13 ice beasts
  4 sky beasts
  3 black bears
  3 phantoms
  A necrophage (D:6)
  11 wolves
  4 ogres
  A big kobold (D:9)
  14 bullfrogs
  Dowan (D:5)
  3 scorpions
  A water moccasin skeleton (D:8)
  10 wights
  A bullfrog zombie (D:7)
  4 hounds
  4 jellies
  4 bullfrog skeletons
  2 orc priests
  9 iguanas
  6 hell rats (Lair:4)
  9 orc wizards
  24 worker ants
  A hound skeleton (D:6)
  7 gnolls
  8 adders
  3 shadow imps
  3 white imps
  An ufetubus (D:7)
  3 oozes
  2 adder zombies (D:9)
  3 dart slugs
  3 leopard geckos
  27 orcs
  3 ball pythons
  5 bats
  4 giant cockroaches
  5 goblins
  8 hobgoblins
  6 jackals
  11 kobolds
  A nameless horror (D:11)
  A quokka (D:5)
  2 frilled lizards
  A giant cockroach zombie (D:5)
  A jackal zombie (D:5)
  A quokka zombie (D:8)
  7 rats
477 creatures vanquished.

Vanquished Creatures (collateral kills)
  A hydra (Lair:5)
  A catoblepas (Lair:6)
  A two-headed ogre (D:11)
  A manticore (Lair:6)
  2 elephants (Lair:5)
  A cane toad (Lair:6)
  A rime drake (Lair:6)
  A harpy zombie (D:11)
  A wraith (D:11)
  A hog (Lair:5)
  4 yaks (Lair:5)
  4 ice beasts (IceCv)
  A wolf (D:11)
  2 wights (D:9)
22 creatures vanquished.

Vanquished Creatures (others)
  A bush (D:11)
  60 fungi
  88 plants
  2 withered plants (Lair:4)
151 creatures vanquished.

Grand Total: 650 creatures vanquished

Notes
Turn   | Place    | Note
-------+----------+-------------------------------------------
     0 | D:1      | Inarius the Barachi Ice Elementalist began the quest for
                  | the Orb.
     0 | D:1      | Reached XP level 1. HP: 13/13 MP: 3/3
    17 | D:1      | Reached skill level 5 in Ice Magic
   247 | D:1      | Reached XP level 2. HP: 19/19 MP: 1/5
   917 | D:1      | Reached XP level 3. HP: 19/24 MP: 3/6
  1218 | D:2      | Found a white marble altar of Elyvilon.
  1220 | D:2      | Found a glowing silver altar of Zin.
  1328 | D:2      | Learned a level 3 spell: Frozen Ramparts
  1551 | D:2      | Reached skill level 6 in Ice Magic
  1800 | D:2      | Reached XP level 4. HP: 30/30 MP: 6/8
  1894 | D:2      | Found a glowing golden altar of the Shining One.
  2141 | D:2      | Found an ancient bone altar of Kikubaaqudgha.
  2146 | D:2      | Found an ornate altar of the Wu Jian Council.
  2311 | D:3      | Found a runed translucent door.
  2753 | D:3      | Reached XP level 5. HP: 33/35 MP: 5/9
  2760 | D:3      | Learned a level 4 spell: Hailstorm
  3040 | D:3      | Noticed funkygono's ghost (amateur DrAE)
  3173 | D:4      | Noticed a phantom
  3199 | D:4      | Killed a phantom
  3200 | D:4      | Reached skill level 7 in Ice Magic
  3200 | D:4      | Reached skill level 1 in Evocations
  3431 | D:4      | Reached skill level 1 in Conjurations
  3431 | D:4      | Reached XP level 6. HP: 35/42 MP: 5/11
  3505 | D:4      | Learned a level 3 spell: Ozocubu's Armour
  3905 | D:4      | Found a staircase to the Ecumenical Temple.
  3911 | Temple   | Entered the Ecumenical Temple
  4250 | D:5      | Entered Level 5 of the Dungeon
  4374 | D:5      | Reached skill level 8 in Ice Magic
  4375 | D:5      | Reached XP level 7. HP: 47/47 MP: 4/13
  4612 | D:5      | Noticed Dowan
  4620 | D:5      | Noticed Duvessa
  4627 | D:5      | Killed Dowan
  4632 | D:5      | Killed Duvessa
  4916 | D:5      | Reached skill level 1 in Fighting
  4916 | D:5      | Reached skill level 9 in Ice Magic
  4946 | D:5      | Got a pair of jewelled gloves
  4955 | D:5      | Identified the +1 pair of gloves of Cec Qy Zio {rPois rC+
                  | SInv} (You found it on level 5 of the Dungeon)
  4993 | D:6      | Reached XP level 8. HP: 37/54 MP: 11/15
  5353 | D:6      | Reached skill level 5 in Spellcasting
  5528 | D:6      | You fall into a shaft and drop 1 floor!
  5827 | D:6      | Found a blossoming altar of Fedhas.
  5866 | D:6      | Found a burning altar of Makhleb.
  5940 | D:6      | Found a shimmering blue altar of Sif Muna.
  6361 | D:7      | Reached skill level 10 in Ice Magic
  7039 | D:7      | Reached XP level 9. HP: 61/61 MP: 13/17
  7116 | D:7      | Reached skill level 1 in Shields
  9709 | D:9      | Found a radiant altar of Vehumet.
  9738 | D:9      | Became a worshipper of Vehumet
  9865 | D:9      | Learned a level 4 spell: Summon Ice Beast
  9952 | D:9      | Noticed a two-headed ogre
  9960 | D:9      | Killed a two-headed ogre
  9961 | D:9      | Reached skill level 5 in Conjurations
  9961 | D:9      | Reached skill level 11 in Ice Magic
  9961 | D:9      | Reached skill level 5 in Evocations
 10297 | D:9      | Found a staircase to the Orcish Mines.
 10308 | D:9      | Reached XP level 10. HP: 69/70 MP: 15/19
 10479 | D:9      | Reached skill level 5 in Dodging
 10517 | D:9      | Noticed Prince Ribbit
 10773 | D:9      | Reached skill level 1 in Armour
 10890 | D:9      | Reached * piety under Vehumet
 10890 | D:9      | Offered knowledge of Sandblast by Vehumet.
 10924 | D:9      | Found an iron altar of Okawaru.
 11055 | D:9      | Killed Prince Ribbit
 11132 | D:10     | Entered Level 10 of the Dungeon
 11182 | D:10     | Found Ratat's Magic Scroll Emporium.
 11185 | D:10     | Bought a scroll of summoning for 142 gold pieces
 11185 | D:10     | Bought a scroll of blinking for 112 gold pieces
 11185 | D:10     | Bought a scroll of fog for 30 gold pieces
 11185 | D:10     | Bought a scroll of identify for 30 gold pieces
 11185 | D:10     | Bought a scroll of identify for 30 gold pieces
 11404 | D:10     | Reached skill level 12 in Ice Magic
 11921 | D:11     | Noticed Josephine
 11923 | D:11     | Noticed an unseen horror
 11931 | D:11     | Killed Josephine
 11935 | D:11     | Killed an unseen horror
 11936 | D:11     | Reached XP level 11. HP: 63/76 MP: 13/22
 12318 | D:11     | Reached ** piety under Vehumet
 12440 | D:11     | Offered knowledge of Shock by Vehumet.
 12457 | D:11     | Reached skill level 13 in Ice Magic
 12465 | D:11     | Found a staircase to the Lair.
 12521 | D:11     | Noticed Psyche
 12524 | D:11     | Killed Psyche
 12541 | D:11     | Noticed a two-headed ogre
 12548 | D:11     | Killed a two-headed ogre
 13070 | Lair:1   | Entered Level 1 of the Lair of Beasts
 13078 | Lair:1   | Noticed a six-headed hydra
 13094 | Lair:1   | Killed a six-headed hydra
 14194 | Lair:2   | Found a staircase to the Snake Pit.
 14543 | Lair:2   | Offered knowledge of Mephitic Cloud by Vehumet.
 14599 | Lair:2   | Found a sparkling altar of Nemelex Xobeh.
 14632 | Lair:2   | Reached XP level 12. HP: 85/85 MP: 25/25
 14847 | Lair:2   | Reached skill level 5 in Fighting
 14880 | Lair:2   | Reached *** piety under Vehumet
 15150 | Lair:2   | Noticed Maggie
 15281 | Lair:2   | Killed Maggie
 15564 | Lair:3   | Noticed Fannar
 15582 | Lair:3   | Killed Fannar
 15583 | Lair:3   | Reached skill level 14 in Ice Magic
 15715 | Lair:3   | Found a staircase to the Shoals.
 15766 | Lair:3   | Reached skill level 10 in Spellcasting
 15931 | Lair:3   | Offered knowledge of Sticky Flame by Vehumet.
 16893 | D:10     | Got a shimmering cloak
 16899 | D:10     | Identified the +5 cloak "Hiedur" {Harm Regen+ SInv} (You
                  | found it on level 10 of the Dungeon)
 17065 | Lair:4   | Noticed an eight-headed hydra
 17079 | Lair:4   | Killed an eight-headed hydra
 17505 | Lair:4   | Gained mutation: You can hop long distances. [Barachi
                  | growth]
 17505 | Lair:4   | Reached XP level 13. HP: 86/93 MP: 11/27
 17510 | Lair:4   | Reached skill level 5 in Armour
 17651 | Lair:4   | Noticed Quyjis's ghost (journeyman DDGl)
 17652 | Lair:4   | Found a runed translucent door.
 18376 | Lair:5   | Learned a level 4 spell: Sticky Flame
 18377 | Lair:5   | Found a frozen archway.
 18411 | Lair:5   | Reached **** piety under Vehumet
 18420 | IceCv    | Entered an ice cave
 18420 | IceCv    | Found a transporter.
 18453 | IceCv    | Reached skill level 15 in Ice Magic
 18517 | IceCv    | Found a transporter.
 18538 | Lair:5   | Reached skill level 5 in Shields
 18691 | Lair:5   | Offered knowledge of Dazzling Flash by Vehumet.
 18720 | Lair:5   | Reached skill level 10 in Conjurations
 18853 | Lair:5   | You fall into a shaft and drop 1 floor!
 18853 | Lair:6   | Entered Level 6 of the Lair of Beasts
 18909 | Lair:6   | Reached skill level 1 in Fire Magic
 19222 | Lair:6   | Noticed an entropy weaver
 19397 | Lair:6   | Reached ***** piety under Vehumet
 19397 | Lair:6   | Offered knowledge of Spellforged Servitor by Vehumet.
 19860 | Lair:6   | Reached XP level 14. HP: 92/103 MP: 27/29
 19941 | Lair:6   | Killed an entropy weaver
 19950 | Lair:6   | Learned a level 7 spell: Spellforged Servitor
 20683 | Lair:5   | Noticed Kirke
 20696 | Lair:5   | Killed Kirke
 20697 | Lair:5   | Reached skill level 16 in Ice Magic
 21549 | Lair:6   | Identified a scroll of acquirement
 21551 | Lair:6   | Acquired 560 gold pieces
 21886 | Lair:6   | Found a staircase to the Slime Pits.
 22384 | Lair:6   | Offered knowledge of Airstrike by Vehumet.
 22526 | Lair:6   | Noticed an entropy weaver
 22538 | Lair:6   | Killed an entropy weaver
 23354 | Lair:6   | Noticed a dire elephant
 23759 | Lair:6   | Reached XP level 15. HP: 105/111 MP: 30/30
 23962 | Lair:6   | Reached skill level 17 in Ice Magic
 24379 | Orc:1    | Entered Level 1 of the Orcish Mines
 24379 | Orc:1    | Found Bumiaplu's Armour Emporium.
 25085 | Orc:1    | Found a transporter.
 25095 | Orc:1    | Found a transporter.
 25095 | Orc:1    | Found a runed translucent door.
 25103 | Orc:1    | Found a bloodstained altar of Trog.
 25104 | Orc:1    | Found the +8 Wrath of Trog {antimagic, *Rage}
 25108 | Orc:1    | Noticed a deep elf sorcerer
 25109 | Orc:1    | Noticed a deep elf elementalist
 25176 | Orc:1    | Noticed a deep elf sorcerer
 25221 | Orc:1    | Noticed a deep elf elementalist
 25234 | Orc:1    | Slain by a two-headed ogre

Illustrated notes

Levels and vault maps discovered:
D:1:      onia_arrival_pyramid, layout_basic
D:2:      layout_loops_ring, good_gods_temple_1, amethyst_overflow_temple_binary
D:3:      layout_loops_ring, ebering_ghost_reflecting_pool, serial_forest,
          infiniplex_forest_lined_3, infiniplex_forest_clump_diagonal,
          infiniplex_forest_lined_4_way, infiniplex_forest_end_double,
          infiniplex_forest_corner_1, infiniplex_forest_clump_double,
          infiniplex_forest_clump_C, infiniplex_forest_lined_4_way,
          infiniplex_forest_clump_small, infiniplex_forest_end_3
D:4:      layout_basic, minmay_temple_entry_hall
D:5:      layout_gridville, uniq_duvessa
D:6:      layout_cave_pools, led_sif_pool, makhleb_blood_cavern_becter,
          serial_rivers, chequers_serial_rivers_micro_d,
          chequers_serial_rivers_room_a, chequers_serial_rivers_micro_e,
          chequers_serial_rivers_micro_e, chequers_serial_rivers_small_3,
          chequers_serial_rivers_micro_c,
          hangedman_abyss_or_decor_jellyfish_corner, fedhas_altar_4
D:7:      layout_gridville
D:8:      layout_gridville
D:9:      layout_irregular_city, vehumet_altar_wand_db, lemuel_round_altar,
          orc_0_dummy, serial_column_ruins, column_ruins_square_small,
          column_ruins_open_small, column_ruins_open_tiny,
          column_ruins_columns_straight, uniq_prince_ribbit1
D:10:     layout_small_grid, serial_shops, kennysheep_mini
D:11:     layout_roguey, minmay_lair_entry_grove, uniq_josephine, uniq_psyche
Temple:   dshaligram_water_room_temple
Lair:1:   layout_layer_cave
Lair:2:   layout_regular_city, dummy_snake_entry, basic_altar, uniq_maggie
Lair:3:   layout_long_grid, elwin_shoals_entry_stream, lemuel_fruit_fields,
          uniq_fannar
Lair:4:   layout_cave_pods, gammafunk_ghost_grave, patterned_corridor
Lair:5:   layout_cave_pods, portal_ice_cave_entry_ice_beasts,
          nicolae_lair_grove_arrangements, st_stairs_12, beast_lair_carwin_1,
          uniq_kirke
Lair:6:   hangedman_lair_in_review, layout_layer_cave, guppyfry_lair_end_dragon,
          nicolae_slime_entry_slimehenge, minivault_29
Orc:1:    emtedronai_trogs_sanctum, layout_diamond_mine, serial_shops,
          nicolae_shop_competitors_out_of_business

Skill      XL: |  1  2  3  4  5  6  7  8  9 10 11 12 13 14 15 |
---------------+----------------------------------------------+-----
Ice Magic      | 5 6 7 8 9 10 11 12 13 14 15 16 17 | 17.2
Spellcasting   | 3 4 5 6 7 9 10 11 | 11.8
Evocations     | 1 2 3 5 6 7 |  7.4
Conjurations   | 1 2 3 5 6 7 9 10 11 12 | 12.1
Fighting       | 1 2 3 4 5 7 8 |  8.5
Dodging        | 3 4 5 6 |  6.2
Shields        | 1 2 3 4 6 8 9 |  9.2
Armour         | 3 4 5 6 |  6.6
Fire Magic     | 1 2 |  2.6
Staves         | |  0.8
Stealth        | |  1.7
Summonings     | |  0.4

Action                   |  1- 3 |  4- 6 |  7- 9 | 10-12 | 13-15 || total
-------------------------+-------+-------+-------+-------+-------++-------
Melee: Short sword       |    33 |    56 |   284 |   366 |   579 ||  1318
       Unarmed           |     1 |       |       |       |       ||     1
       Staff             |       |       |       |       |    22 ||    22
 Cast: Freeze            |    33 |    17 |       |     3 |       ||    53
       Frozen Ramparts   |     3 |    10 |    37 |    69 |    88 ||   207
       Hailstorm         |       |     1 |     8 |    19 |    25 ||    53
       Ozocubu's Armour  |       |     1 |     6 |     4 |     7 ||    18
       Summon Ice Beast  |       |       |       |    14 |    19 ||    33
       Sticky Flame      |       |       |       |       |    33 ||    33
Evoke: Wand              |       |     7 |    21 |    18 |    39 ||    85
       Lightning rod     |       |       |       |       |     4 ||     4
       Condenser vane    |       |       |       |       |     1 ||     1
  Use: Scroll            |       |     1 |     6 |    16 |    16 ||    39
       Potion            |       |       |       |       |     2 ||     2
 Stab: Sleeping          |     1 |     2 |     3 |     1 |       ||     7
       Paralysed         |       |    11 |     5 |       |    57 ||    73
       Distracted        |       |       |       |     1 |     2 ||     3
Armor: Robe              |     9 |     5 |    76 |     1 |       ||    91
       Troll leather arm |       |       |       |   117 |   188 ||   305
Dodge: Dodged            |    41 |    33 |   165 |   277 |   350 ||   866
Block: Kite shield       |       |       |     7 |    45 |   369 ||   421
       Buckler           |       |       |    27 |    62 |       ||    89

Table legend: (Time is in decaauts)
 A = Elapsed time spent in this place.
 B = Non-inter-level travel time spent in this place.
 C = Inter-level travel time spent in this place.
 D = Time resting spent in this place.
 E = Time spent auto-exploring this place.
 F = Levels seen in this place.
 G = Mean time per level.
                   A        B        C        D        E       F      G
               +--------+--------+--------+--------+--------+-----+--------+
         Total |  28186 |  26881 |   1305 |   6697 |  13844 |  20 | 1409.3 |
       Dungeon |  14716 |  13994 |    722 |   3337 |   8048 |  11 | 1337.8 |
        Temple |    104 |     78 |     26 |      0 |     74 |   1 |  104.0 |
          Lair |  12288 |  11732 |    556 |   3134 |   5225 |   6 | 2048.0 |
  Orcish Mines |    961 |    961 |      0 |    198 |    496 |   1 |  961.0 |
      Ice Cave |    116 |    116 |      0 |     27 |      0 |   1 |  116.0 |
               +--------+--------+--------+--------+--------+-----+--------+

Top non-repeatable levels by time:
  Lair:6: 4589 daAuts
     D:8: 2117 daAuts
  Lair:5: 1803 daAuts
  Lair:4: 1633 daAuts
     D:9: 1600 daAuts
    D:11: 1533 daAuts
  Lair:2: 1470 daAuts
     D:4: 1463 daAuts
  Lair:1: 1415 daAuts
  Lair:3: 1376 daAuts
     D:6: 1371 daAuts
     D:1: 1334 daAuts
     D:7: 1205 daAuts
     D:2: 1109 daAuts
     D:5: 1068 daAuts
